 Dungeon Crawl Stone Soup version 0.31-a0-986-g5e6e4ef867 (webtiles) character file.

Game seed: 4841248902298534588

1300 2FriedEggs the Changeling (level 8, 0/60 HPs)
             Began as a Demigod Shapeshifter on Nov 15, 2023.
             Slain by an ogre
             ... wielding a +0 giant club
              (19 damage)
             ... on level 6 of the Dungeon.
             The game lasted 00:08:03 (4692 turns).

2FriedEggs the Changeling (Demigod Shapeshifter)    Turns: 4692, Time: 00:08:04

Health: 0/60       AC: 11    Str: 23    XL:     8   Next: 9%
Magic:  10/10      EV: 10    Int: 12    God:
Gold:   210        SH:  0    Dex: 13    Spells: 7/7 levels left

rFire   + + +        y - melded +1 halberd (venom)
rCold   + . .        (shield currently unavailable)
rNeg    . . .        E - +0 fire dragon scales
rPois   +            (no helmet)
rElec   +            v - +1 cloak
rCorr   +            q - +0 pair of gloves
SInv    .            (no boots)
Will    .....        (no amulet) Stlth
                     j - ring of protection from fire
HPRegen 0.30/turn    u - ring of protection from cold
MPRegen 0.12/turn

%: no passive effects
@: flux-form, resistant, glowing
A: glow, contaminating, high MP 1, forlorn, divine attributes
a: Begin Untransformation


You were on level 6 of the Dungeon.
You were something dangerously unstable.
You visited 1 branch of the dungeon, and saw 6 of its levels.

You collected 210 gold pieces.

Inventory:

Hand Weapons
 y - a +1 halberd of venom (melded)
Missiles
 A - a throwing net
Armour
 a - a +0 animal skin
 e - a +1 ring mail of cold resistance
 q - a +0 pair of gloves (worn)
 v - a +1 cloak (worn)
 C - a +1 leather armour of cold resistance
 E - +0 fire dragon scales (worn)
Jewellery
 j - a ring of protection from fire (left hand)
 u - a ring of protection from cold (right hand)
 w - a ring of see invisible
 z - a ring of magical power
Talismans
 c - a beast talisman
 d - a flux talisman (active)
Scrolls
 f - a scroll of enchant armour
 h - 3 scrolls of enchant weapon {unknown}
 i - 3 scrolls of teleportation {unknown}
 m - 2 scrolls of fear {unknown}
 n - 4 scrolls of identify {unknown}
 p - 2 scrolls of amnesia {unknown}
 r - a scroll of immolation {unknown}
 s - a scroll of silence {unknown}
 t - 2 scrolls of noise {unknown}
 D - 3 scrolls of poison {unknown}
 F - a scroll of blinking {unknown}
 G - a scroll of revelation {unknown}
Potions
 g - a potion of resistance
 k - a potion of mutation {unknown}
 l - a potion of degeneration {unknown}
 o - a potion of enlightenment {unknown}
 x - a potion of cancellation {unknown}
 B - a potion of curing {unknown}


   Skills:
 + Level 1.6 Fighting
 + Level 1.2 Armour
 - Level 1.7 Dodging
 * Level 6.1 Unarmed Combat
 - Level 7.0 Shapeshifting


You had 7 spell levels left.
You didn't know any spells.
Your spell library contained the following spells:

 Spells                   Type           Power      Damage    Failure   Level
 Apportation              Tloc           0%         N/A       71%         1
 Jinxbite                 Hex            0%         N/A       85%         2
 Animate Armour           Summ/Erth      0%         N/A       100%        4
 Summon Lightning Spire   Summ/Air       0%         N/A       100%        4
 Alistair's Intoxication  Tmut/Pois      0%         N/A       100%        5
 Lee's Rapid Deconstruct  Erth           0%         3d4*      100%        5
 Haunt                    Necr/Summ      0%         N/A       100%        7
 Borgnjor's Revivificati  Necr           0%         N/A       100%        8
 Death's Door             Necr           0%         N/A       100%        9


Dungeon Overview and Level Annotations

Branches:
Dungeon (6/15)             Temple (0/1) D:5

Annotations:
D:3 2 transporters


Innate Abilities, Weirdness & Mutations

You are something dangerously unstable.
You glow with magical radiation, making you easy to see and hit.
Foes you strike become dangerously contaminated with magical radiation.
You are incapable of wielding weapons or throwing items.
You have an increased reservoir of magic. (+10% MP)
You shall have no god before yourself.
Your divine heritage dramatically boosts your attributes as you level up.


Message History

The centaur hits you but does no damage.
The centaur kicks you.
You barely miss the centaur. The centaur hits you.
The centaur kicks you but does no damage.
The centaur hits you but does no damage.
The centaur kicks you but does no damage.
You punch the centaur!
The centaur begins to glow.
The centaur is moderately wounded.
The centaur hits you. The centaur barely misses you.
You barely miss the centaur.
The centaur is moderately wounded.
The centaur hits you but does no damage.
The centaur kicks you but does no damage.
You hit the centaur.
The centaur glows dangerously bright.
The centaur is moderately wounded.
The centaur hits you.
The centaur kicks you but does no damage.
The ogre hits you with a +0 giant club!!
You hit the centaur but do no damage.
The centaur shudders as magic cascades through it!
The centaur twists and deforms.
The centaur is almost dead.
The centaur hits you but does no damage.
The centaur closely misses you.
The centaur hits you but does no damage.
The centaur closely misses you.
You punch the centaur!
You kill the centaur!
The ogre hits you with a +0 giant club!
Your Armour skill increases to level 1!
Unknown command.
It was a potion of resistance.
You feel protected. The ogre misses you.
You hit the ogre.
The ogre begins to glow.
The ogre is lightly wounded.
You hit the ogre.
The ogre glows dangerously bright.
The ogre is moderately wounded.
The ogre hits you with a +0 giant club!!
You die...

...#.....
#..#....
#..##..#
+..##..####
#.........+ #.
#.........#
##..##.........#
#......O##...###
#.....)p##...#
#........#.<.#
#>.......#...#
#........#.>.+
#.......##..##
#.......#####
#........
#........


You could see an ogre (heavy contam).

Vanquished Creatures
  A wyvern (D:5)
  A water moccasin (D:5)
  A black bear (D:5)
  2 ogres
  A centaur (D:6)
  2 phantoms (D:5)
  2 scorpions
  3 hounds (D:5)
  Crazy Yiuf (D:2)
  An orc priest (D:3)
  A sleepcap (D:4)
  2 iguanas (D:4)
  4 gnolls (D:3)
  7 adders
  3 dart slugs
  10 orcs
  7 ball pythons
  10 endoplasms
  4 giant cockroaches
  10 goblins
  8 hobgoblins
  6 jackals
  2 quokkas
  4 bats
  6 frilled lizards
  4 kobolds
  4 rats
107 creatures vanquished.

Notes
Turn   | Place    | Note
-------+----------+-------------------------------------------
     0 | D:1      | 2FriedEggs the Demigod Shapeshifter began the quest for the
                  | Orb.
     0 | D:1      | Reached XP level 1. HP: 15/15 MP: 3/3
   160 | D:1      | Reached skill level 3 in Shapeshifting
   191 | D:1      | Reached XP level 2. HP: 22/22 MP: 4/4
   624 | D:2      | Reached XP level 3. HP: 22/27 MP: 5/5
   952 | D:2      | Found a runed translucent door.
   953 | D:2      | Noticed Crazy Yiuf
  1355 | D:2      | Killed Crazy Yiuf
  1356 | D:2      | Reached XP level 4. HP: 15/34 MP: 6/6
  1676 | D:3      | Reached skill level 4 in Shapeshifting
  1856 | D:3      | Found a transporter.
  1902 | D:3      | Found a transporter.
  2421 | D:3      | Reached XP level 5. HP: 39/39 MP: 7/7
  2672 | D:4      | Noticed an ogre
  2679 | D:4      | Killed an ogre
  2680 | D:4      | Reached skill level 5 in Shapeshifting
  2794 | D:4      | Reached XP level 6. HP: 46/46 MP: 8/8
  3593 | D:5      | Entered Level 5 of the Dungeon
  3852 | D:5      | Reached skill level 6 in Shapeshifting
  3852 | D:5      | Reached XP level 7. HP: 47/51 MP: 9/9
  3874 | D:5      | Reached skill level 5 in Unarmed Combat
  3892 | D:5      | Found a staircase to the Ecumenical Temple.
  4223 | D:5      | Noticed a wyvern
  4231 | D:5      | Killed a wyvern
  4294 | D:5      | Reached skill level 7 in Shapeshifting
  4436 | D:5      | Reached skill level 1 in Fighting
  4678 | D:6      | Reached XP level 8. HP: 58/59 MP: 10/10
  4690 | D:6      | Reached skill level 1 in Armour
  4692 | D:6      | Slain by an ogre

Illustrated notes

Levels and vault maps discovered:
D:1:      dpeg_arrival_court, layout_rooms, minmay_pentomino_z4
D:2:      layout_basic, basic_altar, grunt_decor_one_mirror,
          uniq_crazy_yiuf_cottage
D:3:      gammafunk_steamed_eel, layout_loops_cross, grunt_ministairs_6
D:4:      layout_layer_cave, xom_butterflies
D:5:      layout_basic, minitemple, minmay_temple_entry_butterflies
D:6:      layout_gridville, nicolae_houndstooth_variations, uniq_grinder,
          uniq_pikel

Skill      XL: |  1  2  3  4  5  6  7  8 |
---------------+-------------------------+-----
Shapeshifting  | 3 4 5 6 7 |  7.0
Unarmed Combat | 3 4 6 |  6.1
Fighting       | 1 |  1.6
Armour         | 1 |  1.2
Dodging        | |  1.7

Action                     |  1- 3 |  4- 6 |  7- 9 || total
---------------------------+-------+-------+-------++-------
  Melee: Unarmed           |    98 |    55 |    31 ||   184
         Punch             |     4 |     3 |       ||     7
         Halberd           |       |   108 |    26 ||   134
  Evoke: Wand              |       |     2 |       ||     2
    Use: Scroll            |       |     1 |       ||     1
         Potion            |       |       |     3 ||     3
 Armour: Ring mail         |    46 |    49 |       ||    95
         Animal skin       |     3 |       |       ||     3
         Fire dragon scale |       |    56 |    49 ||   105
         Skin              |       |       |    18 ||    18
  Dodge: Dodged            |    57 |   105 |    30 ||   192
   Form: Flux              |       |       |     1 ||     1

Table legend: (Time is in decaauts)
 A = Elapsed time spent in this place.
 B = Non-inter-level travel time spent in this place.
 C = Inter-level travel time spent in this place.
 D = Time resting spent in this place.
 E = Time spent auto-exploring this place.
 F = Levels seen in this place.
 G = Mean time per level.
                   A        B        C        D        E       F      G
               +--------+--------+--------+--------+--------+-----+--------+
         Total |   4747 |   4463 |    284 |    671 |   2835 |   6 |  791.2 |
       Dungeon |   4747 |   4463 |    284 |    671 |   2835 |   6 |  791.2 |
               +--------+--------+--------+--------+--------+-----+--------+

Top non-repeatable levels by time:
     D:4: 1229 daAuts
     D:2: 1020 daAuts
     D:5: 964 daAuts
     D:3: 896 daAuts
     D:1: 615 daAuts
     D:6: 20 daAuts
